 Dungeon Crawl Stone Soup version 0.30.1-11-g7821555f0a (webtiles) character file.

Game seed: 7811751898486423950

3411 lonewolfV2 the Nimble (level 9, -3/83 HPs)
             Began as a Minotaur Fighter on Nov 10, 2023.
             Killed from afar by an acid dragon (22 damage)
             ... with a splash of acid
             ... on level 9 of the Dungeon.
             The game lasted 00:10:23 (9289 turns).

lonewolfV2 the Nimble (Minotaur Fighter)            Turns: 9289, Time: 00:10:24

Health: -3/83      AC: 16    Str: 21    XL:     9   Next: 76%
Magic:  8/8        EV: 10    Int:  5    God:
Gold:   580        SH:  5    Dex: 14    Spells: 8/8 levels left

rFire   . . .        a - +1 war axe
rCold   . . .        c - +0 buckler
rNeg    . . .        i - +1 plate armour
rPois   .            (helmet restricted)
rElec   .            y - +2 cloak
rCorr   .            (no gloves)
SInv    .            d - +0 pair of boots
Will    .....        (no amulet) Stlth
                     f - +4 ring of slaying
HPRegen 0.33/turn    (no ring)
MPRegen 0.11/turn

%: no passive effects
@: lethally poisoned (-3 -> -20)
A: horns 2, retaliatory headbutt
a: no special abilities


You were on level 9 of the Dungeon.
You visited 2 branches of the dungeon, and saw 10 of its levels.

You collected 580 gold pieces.

Inventory:

Hand Weapons
 a - a +1 war axe (weapon)
Armour
 c - a +0 buckler (worn)
 d - a +0 pair of boots (worn)
 i - a +1 plate armour (worn)
 y - a +2 cloak (worn)
Jewellery
 f - a +4 ring of slaying (left hand)
Wands
 b - a wand of flame (57)
 l - a wand of paralysis (5)
Scrolls
 g - 4 scrolls of fear
 j - 2 scrolls of blinking
 m - a scroll of identify
 n - a scroll of butterflies
 p - 2 scrolls of fog
 t - a scroll of enchant armour
 v - 3 scrolls of immolation
 w - 2 scrolls of teleportation
Potions
 e - 4 potions of brilliance
 h - 6 potions of haste
 k - 2 potions of attraction
 q - a potion of ambrosia
 r - a potion of might
 s - 3 potions of mutation
 z - a potion of invisibility


   Skills:
 - Level 9.0 Fighting
 - Level 2.4 Axes
 - Level 3.6 Armour
 * Level 13.1 Dodging
 - Level 3.6 Shields


You had 8 spell levels left.
You didn't know any spells.
Your spell library contained the following spells:

 Spells                   Type           Power      Damage    Failure   Level
 Kiss of Death            Conj/Necr      0%         2d5       100%        1
 Ensorcelled Hibernation  Hex/Ice        0%         N/A       100%        2
 Passwall                 Tmut/Erth      0%         N/A       100%        2
 Confusing Touch          Hex            0%         N/A       100%        3
 Hailstorm                Conj/Ice       0%         3d3       100%        3
 Swiftness                Air            0%         N/A       100%        3
 Dispel Undead            Necr           0%         3d6       100%        4
 Ice Form                 Ice/Tmut       0%         N/A       100%        4
 Simulacrum               Ice/Necr       0%         N/A       100%        6


Dungeon Overview and Level Annotations

Branches:
Dungeon (9/15)             Temple (1/1) D:4
   Lair: D:8-11         Orc: D:9-12

Altars:
Ashenzari
Cheibriados
Dithmenos
Elyvilon
Fedhas
Gozag
Hepliaklqana
Kikubaaqudgha
Makhleb
Nemelex Xobeh
Okawaru
Qazlal
Ru
Sif Muna
Trog
Vehumet
Wu Jian
Zin

Shops:
D:7 ?


Innate Abilities, Weirdness & Mutations

You have a pair of horns on your head.
You reflexively headbutt those who attack you in melee.


Message History

The killer bee closely misses you. The killer bee barely misses you.
You furiously retaliate!
You headbutt the killer bee!
The killer bee stings you but does no damage.
You feel better. The killer bee stings you.
You are poisoned.
The killer bee poisons you! The killer bee barely misses you.
The killer bee stings you but does no damage.
The killer bee stings you.
You are more poisoned.
The killer bee poisons you!
The killer bee stings you but does no damage.
The killer bee stings you.
You are more poisoned.
The killer bee poisons you! You block the killer bee's attack.
The killer bee closely misses you.
An acid dragon comes into view.
You closely miss the killer bee.
The acid dragon roars!
You headbutt the killer bee.
You kill the killer bee!
You hit the killer bee. You closely miss the killer bee.
You slash the killer bee!
You kill the killer bee!
You feel extremely sick.
The killer bee stings you but does no damage.
You block the killer bee's attack.
The killer bee stings you but does no damage.
You block the killer bee's attack.
The killer bee stings you but does no damage. x2
Your Dodging skill increases to level 13!
You feel very sick. The killer bee stings you.
* * * LOW HITPOINT WARNING * * *
The killer bee stings you.
* * * LOW HITPOINT WARNING * * *
You are more poisoned.
The killer bee poisons you! The acid dragon spits acid at you.
The splash of acid hits you!!
You die...

...~≈≈≈≈.~≈≈#
...~≈≈≈~.~≈≈#
..~≈≈≈~.~≈# ..
.~≈≈≈~.~# ...# #≈≈≈~.#
.....###~≈~.# ....
.D......††#+######.....
#.@?....#........
#yy.....#........
####....#.......
#....#.......
#....#...# #........#
#........# #....#...#
#....#...#


You could see an acid dragon (catching breath) and 2 killer bees.

Vanquished Creatures
  Maggie (D:6)
  Sigmund (D:5)
  2 wyverns
  Eustachio (D:5)
  A steam dragon (D:8)
  An orc warrior (D:7)
  2 black bears (D:5)
  An ice beast (D:4)
  A centaur (D:8)
  A kobold brigand (D:6)
  A bullfrog (D:7)
  A scorpion (D:6)
  13 wights (D:8)
  4 killer bees (D:9)
  2 hounds
  8 orc priests
  2 iguanas
  Crazy Yiuf (D:7)
  Ijyb (D:5)
  A sleepcap (D:7)
  2 gnoll boudas
  Natasha (twice) (D:2)
  4 orc wizards
  8 gnolls
  8 adders
  A white imp (D:6)
  An ufetubus (D:7)
  2 worms
  3 dart slugs
  35 orcs
  5 ball pythons
  3 bats
  11 endoplasms
  3 giant cockroaches
  5 goblins
  7 hobgoblins
  3 jackals
  3 quokkas
  6 frilled lizards
  9 kobolds
  5 rats
172 creatures vanquished.

Notes
Turn   | Place    | Note
-------+----------+-------------------------------------------
     0 | D:1      | lonewolfV2 the Minotaur Fighter began the quest for the
                  | Orb.
     0 | D:1      | Reached XP level 1. HP: 19/19 MP: 0/0
   132 | D:1      | Reached XP level 2. HP: 28/28 MP: 1/1
   585 | D:1      | Found a faded altar of an unknown god.
   824 | D:2      | Reached skill level 5 in Fighting
   824 | D:2      | Reached XP level 3. HP: 25/36 MP: 2/2
  1352 | D:2      | Reached XP level 4. HP: 42/44 MP: 3/3
  1403 | D:2      | Noticed Natasha
  1405 | D:2      | Found a shadowy altar of Dithmenos.
  1409 | D:2      | Killed Natasha
  1580 | D:2      | Noticed Natasha
  1586 | D:2      | Killed Natasha
  1905 | D:3      | HP: 1/45 [orc wizard/magic dart (8)]
  1910 | D:3      | Reached XP level 5. HP: 4/52 MP: 4/4
  2277 | D:3      | Reached XP level 6. HP: 10/61 MP: 5/5
  2963 | D:3      | Found a sparkling altar of Nemelex Xobeh.
  3370 | D:4      | Found a staircase to the Ecumenical Temple.
  3378 | Temple   | Entered the Ecumenical Temple
  3482 | D:4      | Found a shadowy altar of Dithmenos.
  3650 | D:4      | Noticed an ice beast
  3664 | D:4      | Killed an ice beast
  3665 | D:4      | Reached skill level 2 in Dodging
  3854 | D:4      | Reached XP level 7. HP: 64/70 MP: 6/6
  4277 | D:5      | Entered Level 5 of the Dungeon
  4291 | D:5      | Reached skill level 3 in Dodging
  4381 | D:5      | Reached skill level 4 in Dodging
  4486 | D:5      | Noticed Sigmund
  4495 | D:5      | Noticed Ijyb
  4497 | D:5      | Killed Sigmund
  4498 | D:5      | Reached skill level 5 in Dodging
  4501 | D:5      | Noticed Eustachio
  4514 | D:5      | Killed Ijyb
  4533 | D:5      | Killed Eustachio
  4534 | D:5      | Reached skill level 6 in Dodging
  4534 | D:5      | Reached XP level 8. HP: 26/78 MP: 7/7
  4812 | D:5      | Reached skill level 7 in Dodging
  4829 | D:5      | Identified the +0 ring mail of Zefro {+Blink}
  5084 | D:6      | Found a bloodstained altar of Trog.
  5097 | D:6      | Found an opulent altar of Gozag.
  5619 | D:6      | Noticed Maggie
  5626 | D:6      | Killed Maggie
  5627 | D:6      | Reached skill level 8 in Dodging
  5707 | D:6      | Found a hazy altar of Hepliaklqana.
  5726 | D:6      | Reached skill level 9 in Dodging
  5855 | D:6      | Found a white marble altar of Elyvilon.
  5902 | D:6      | Found a glowing silver altar of Zin.
  6287 | D:7      | Reached skill level 10 in Dodging
  6451 | D:7      | Found a stormy altar of Qazlal.
  6456 | D:7      | Noticed an air elemental
  6510 | D:7      | Found Isi Goac's Magic Scroll Emporium.
  6553 | D:7      | Found a runed translucent door.
  6554 | D:7      | Noticed Crazy Yiuf
  6588 | D:7      | Reached XP level 9. HP: 72/83 MP: 8/8
  6930 | D:7      | Killed Crazy Yiuf
  7014 | D:8      | Found a snail-covered altar of Cheibriados.
  7051 | D:8      | Found a shimmering blue altar of Sif Muna.
  7167 | D:8      | Reached skill level 11 in Dodging
  8020 | D:8      | Reached skill level 12 in Dodging
  9289 | D:9      | Reached skill level 13 in Dodging
  9289 | D:9      | Killed from afar by an acid dragon

Illustrated notes

Levels and vault maps discovered:
D:1:      saegor_arrival_simple_a, layout_basic, serial_curves, eino_curves_04,
          eino_curves_02, shapermc_ecumenical_altar_notcrosses,
          serial_bayou_lagoon_a, minmay_misc_feat_four_crosses
D:2:      layout_loops_corners, basic_altar, uniq_natasha
D:3:      layout_loops_ring, nemelex_diamond_rough_becter, minmay_misc_feat_x,
          st_stairs_10, minmay_diced_spiral
D:4:      layout_loops_corners, marbit_many_paths, minmay_temple_entry_hall
D:5:      layout_cave_pools, uniq_eustachio, uniq_sigmund, uniq_ijyb
D:6:      layout_gridville, mainiacjoe_overflow_brackets,
          nicolae_overflow_quartered_altars, minmay_hedge_maze, uniq_maggie
D:7:      layout_cave_pools, nicolae_qazlal_style_of_elements, serial_shops,
          shop, uniq_crazy_yiuf_cottage
D:8:      layout_gridville, mainiacjoe_overflow_catwalk_spiral
D:9:      layout_basic, grunt_temple_overflow_holy_war,
          nicolae_uskayaw_dance_studio, ebering_ghost_disaster_area,
          abandoned_shop, uniq_harold
Temple:   hellmonk_temple_rainy

Skill      XL: |  1  2  3  4  5  6  7  8  9 |
---------------+----------------------------+-----
Fighting       | 4 5 6 7 8 9 |  9.0
Dodging        | 2 6 10 13 | 13.1
Axes           | |  2.4
Armour         | |  3.6
Shields        | |  3.6

Action                     |  1- 3 |  4- 6 |  7- 9 || total
---------------------------+-------+-------+-------++-------
  Melee: War axe           |    59 |   109 |   198 ||   366
         Headbutt          |     8 |    11 |    43 ||    62
    Use: Scroll            |     3 |     5 |    11 ||    19
         Potion            |       |     2 |     4 ||     6
 Armour: Scale mail        |    25 |       |       ||    25
         Plate armour      |     3 |    92 |   165 ||   260
         Skin              |       |     2 |       ||     2
  Dodge: Dodged            |    21 |    27 |   120 ||   168
  Block: Buckler           |    12 |    20 |    73 ||   105
